 Dungeon Crawl Stone Soup version 0.32-a0-685-g93135e86f0 (webtiles) character file.

Game seed: 1392820140717054214

1010 gimp the Trooper (level 8, 0/83 HPs)
             Began as an Oni Shapeshifter on Mar 13, 2024.
             Was an Initiate of Trog.
             Succumbed to a kobold's poison
             ... on level 5 of the Dungeon.
             The game lasted 00:05:10 (4402 turns).

gimp the Trooper (Oni Shapeshifter)                 Turns: 4402, Time: 00:05:10

Health: 0/83       AC:  3    Str: 19    XL:     8   Next: 21%
Magic:  8/8        EV: 10    Int: 11    God:    Trog [......]
Gold:   254        SH:  0    Dex: 10    Spells: 7/7 levels left

rFire   . .          .
                       - Unarmed
rCold   . . .        (no shield)
rNeg    . . .        a - +0 animal skin
rPois   .            (helmet currently unavailable)
rElec   +            (cloak currently unavailable)
rCorr   .            (gloves unavailable)
SInv    .            (boots unavailable)
Will    .....        (no amulet)
Stlth   +            (no ring)
HPRegen 0.33/turn    (no ring)
MPRegen 0.11/turn

%: clarity
@: lethally poisoned (0 -> -19), beast-form, attractive
A: beast (slay +2), large, unfitting armour, horns 1, tough skin 1, double
potion healing, drunken brawling, claws 1, clarity, electricity resistance
a: Begin Untransformation, Renounce Religion


You were on level 5 of the Dungeon.
You worshipped Trog.
Trog was noncommittal.
You were a hulking beast.
You visited 2 branches of the dungeon, and saw 7 of its levels.

You collected 254 gold pieces.

Inventory:

Missiles
 m - a throwing net (quivered)
 x - a curare-tipped dart
Armour
 a - a +0 animal skin (worn)
Jewellery
 k - a ring of fire
Talismans
 c - a beast talisman (active)
 d - a flux talisman
Wands
 q - a wand of paralysis (10)
 r - a wand of mindburst (17)
Scrolls
 b - a scroll of torment {unknown}
 e - 2 scrolls of amnesia {unknown}
 f - a scroll of poison {unknown}
 g - 5 scrolls of identify {unknown}
 h - 2 scrolls of acquirement {unknown}
 j - 2 scrolls of revelation {unknown}
 l - 2 scrolls of immolation {unknown}
 n - 2 scrolls of fog {unknown}
 p - a scroll of teleportation {unknown}
 t - a scroll of vulnerability {unknown}
 u - 2 scrolls of enchant armour {unknown}
Potions
 i - 2 potions of enlightenment
 o - a potion of ambrosia {unknown}
 s - a potion of might {unknown}
 w - 2 potions of cancellation


   Skills:
 + Level 6.1 Fighting
 + Level 4.5 Dodging
 + Level 4.9 Unarmed Combat
 + Level 5.1 Shapeshifting


You had 7 spell levels left.
You didn't know any spells.
Your spell library contained the following spells:

 Spells                   Type           Power      Damage    Failure   Level
 Apportation              Tloc           0%         N/A       34%         1
 Necrotise                Necr           0%         1d4       34%         1
 Sting                    Conj/Alch      0%         1d3       34%         1
 Summon Small Mammal      Summ           0%         N/A       34%         1
 Fugue of the Fallen      Necr           0%         N/A       71%         3
 Ozocubu's Armour         Ice            0%         N/A       71%         3
 Manifold Assault         Tloc           0%         N/A       98%         4


Dungeon Overview and Level Annotations

Branches:
Dungeon (6/15)             Temple (1/1) D:4

Altars:
Ashenzari
Cheibriados
Dithmenos
Elyvilon
Fedhas
Gozag
Hepliaklqana
Kikubaaqudgha
Makhleb
Nemelex Xobeh
Okawaru
Qazlal
Ru
Sif Muna
Trog
Uskayaw
Vehumet
Wu Jian
Yredelemnul
Zin
The Shining One

Shops:
D:4 *


Innate Abilities, Weirdness & Mutations

You are a hulking beast.
Your limbs bulge with bestial killing power. (Slay +2)
You are too large for most types of armour.
You have a pair of small horns on your head.
You have tough skin. (AC +1)
You gain doubled healing and magic from potions.
Whenever you drink a healing potion, you attack all around you.
You have sharp fingernails.
You possess an exceptional clarity of mind.
You are resistant to electric shocks. (rElec)


Message History

Things that are here:
a +0 dagger; 5 stones Health restored: 83
There is a stone staircase leading down, spattered with blood here.
Things that are here:
a +0 short sword; 7 poisoned darts Done exploring.
There is a stone staircase leading down, spattered with blood here.
You climb downwards.
The kobold hits you with a +0 short sword of venom.
You are poisoned.
The kobold throws a stone.
The stone hits you but does no damage.
There is a stone staircase leading up here.
You take 4 damage, and have 79/83 hp.
You claw the kobold!
You kill the kobold!
Trog accepts your kill.
You feel very sick.
The kobold hits you with a +0 short sword of venom.
You are more poisoned.
You take 5 damage, and have 74/83 hp.
You scratch the adder.
The adder is moderately wounded.
You feel very sick. The adder bites you.
The kobold hits you with a +0 short sword of venom.
You are more poisoned.
You take 9 damage, and have 65/83 hp.
You closely miss the adder.
The adder is moderately wounded.
You feel very sick. The adder bites you.
You are more poisoned.
The adder poisons you! The kobold barely misses you.
The kobold closely misses you.
You take 6 damage, and have 59/83 hp.
You scratch the adder. Your headbutt misses the adder.
The adder is severely wounded.
You feel very sick. The adder closely misses you.
The kobold hits you but does no damage. The adder bites you.
The kobold closely misses you.
You take 8 damage, and have 51/83 hp.
You feel very sick. The adder bites you but does no damage.
The kobold hits you with a +0 short sword.
You climb upwards.
You feel very sick.
There is a stone staircase leading down, spattered with blood here.
You take 13 damage, and have 38/83 hp.
You are too injured to fight recklessly!
You are too injured to fight recklessly!
You are too injured to fight recklessly!
You miss the adder. Your claw misses the adder.
The adder is heavily wounded.
You feel sick. The adder bites you.
You are more poisoned.
The adder poisons you! The kobold closely misses you.
The kobold barely misses you.
You take 6 damage, and have 32/83 hp.
You miss the adder. Your headbutt misses the adder.
The adder is heavily wounded.
You feel very sick. The adder bites you but does no damage.
You take 4 damage, and have 28/83 hp.
You scratch the adder.
You kill the adder!
Trog accepts your kill.
You feel sick. The kobold barely misses you.
The kobold hits you with a +0 short sword of venom.
* * * LOW HITPOINT WARNING * * *
You are lethally poisoned!
You take 5 damage, and have 23/83 hp.
* * * LOW HITPOINT WARNING * * *
You feel very sick. The kobold attacks as it pursues you!
The kobold hits you with a +0 short sword of venom.
* * * LOW HITPOINT WARNING * * *
You are more poisoned.
You take 7 damage, and have 16/83 hp.
You scratch the kobold but do no damage.
You headbutt the kobold.
You kill the kobold!
Trog accepts your kill.
* * * LOW HITPOINT WARNING * * *
You feel very sick.
The kobold hits you with a +0 short sword.
* * * LOW HITPOINT WARNING * * *
You take 7 damage, and have 9/83 hp.
Press: ? - help, v - describe, . - travel, g - get item Item here: a +0 short sword of venom.
The floor.
Unknown command.
It was a potion of cancellation.
You feel magically purged.
* * * LOW HITPOINT WARNING * * *
You feel very sick. The kobold barely misses you.
You take 5 damage, and have 4/83 hp.
It was a potion of attraction.
You feel attractive to monsters.
You die...

##.#..........................#
...#.#.#.#.######.............#
.#...#.#.#.##########÷#########
.#.###.#.#...................#
.......#.#.....#.............#
.#.#####)#...............[...#
.#.#.#.......÷##.............#
...#.....#....##(.)(.........#
..............##hK...........#
..............##.)(..........#
..............##.............#
.##########)).##.............#
## #...################ #...#
#####


You could see a kobold.

Vanquished Creatures
  A black bear (D:5)
  An ogre (D:5)
  A phantom (D:5)
  A kobold brigand (D:5)
  5 scorpions
  2 hounds
  A bombardier beetle (D:4)
  Ijyb (D:3)
  Jessica (D:2)
  3 iguanas
  An orc wizard (D:5)
  6 adders
  A shadow imp (D:5)
  A ribbon worm (D:2)
  4 orcs (D:5)
  8 endoplasms
  5 giant cockroaches
  7 goblins
  5 hobgoblins
  6 jackals
  12 kobolds
  4 quokkas
  5 ball pythons
  6 bats
  4 frilled lizards
  9 rats
101 creatures vanquished.

Notes
Turn   | Place    | Note
-------+----------+-------------------------------------------
     0 | D:1      | gimp the Oni Shapeshifter began the quest for the Orb.
     0 | D:1      | Reached XP level 1. HP: 19/19 MP: 1/1
   249 | D:1      | Reached XP level 2. HP: 13/28 MP: 2/2
   526 | D:1      | Reached skill level 2 in Fighting
   695 | D:1      | Reached XP level 3. HP: 34/34 MP: 3/3
   989 | D:2      | Found an opulent altar of Gozag.
  1201 | D:2      | Reached XP level 4. HP: 29/44 MP: 4/4
  1369 | D:2      | Noticed Jessica
  1376 | D:2      | Killed Jessica
  1507 | D:2      | Reached skill level 3 in Fighting
  1767 | D:3      | Noticed a scorpion
  1777 | D:3      | Killed a scorpion
  1778 | D:3      | Reached XP level 5. HP: 31/53 MP: 5/5
  2023 | D:3      | Reached XP level 6. HP: 32/62 MP: 6/6
  2228 | D:3      | Noticed Ijyb
  2251 | D:3      | Killed Ijyb
  2252 | D:3      | Reached skill level 4 in Fighting
  2721 | D:4      | Found an iron altar of Okawaru.
  2721 | D:4      | Found a sacrificial altar of Ru.
  2871 | D:4      | Found a staircase to the Ecumenical Temple.
  2960 | Temple   | Entered the Ecumenical Temple
  2972 | Temple   | Became a worshipper of Trog the Wrathful
  3028 | D:4      | Reached XP level 7. HP: 45/71 MP: 7/7
  3145 | D:4      | Found Kuyt's Assorted Antiques.
  3302 | D:5      | Entered Level 5 of the Dungeon
  3355 | D:5      | Reached skill level 5 in Fighting
  3552 | D:5      | Found a hazy altar of Hepliaklqana.
  3776 | D:5      | Gained mutation: You possess an exceptional clarity of
                  | mind. [potion of mutation]
  3776 | D:5      | Gained mutation: You have sharp fingernails. [potion of
                  | mutation]
  3776 | D:5      | Gained mutation: You are resistant to electric shocks.
                  | (rElec) [potion of mutation]
  4020 | D:5      | Reached skill level 5 in Shapeshifting
  4020 | D:5      | Reached XP level 8. HP: 83/83 MP: 8/8
  4337 | D:5      | Reached skill level 6 in Fighting
  4401 | D:5      | HP: 4/83 [poisoned by a kobold]
  4402 | D:5      | Succumbed to a kobold's poison

Illustrated notes

Levels and vault maps discovered:
D:1:      dpeg_arrival_three_smaller_balls, layout_basic
D:2:      layout_basic, basic_altar, uniq_jessica
D:3:      layout_rooms, uniq_ijyb
D:4:      layout_cave_pools, jmf_multi_god_temple, minmay_temple_entry_fiery,
          serial_shops, nicolae_shop_overgrown_old_shop
D:5:      layout_basic, nicolae_hepliaklqana_hazy_memory
D:6:      cheibrodos_quashed, layout_loops_corners, serial_shops,
          nicolae_lakefront_shop, roderic_roman_lattice, chequers_avenue,
          minmay_pentangle
Temple:   nicolae_temple_bog_church

Skill      XL: |  1  2  3  4  5  6  7  8 |
---------------+-------------------------+-----
Dodging        | 2 3 4 |  4.5
Fighting       | 2 3 4 5 6 |  6.1
Unarmed Combat | 3 4 |  4.9
Shapeshifting  | 4 5 |  5.1

Action                     |  1- 3 |  4- 6 |  7- 9 || total
---------------------------+-------+-------+-------++-------
  Melee: Unarmed           |    94 |   117 |    93 ||   304
         Headbutt          |    14 |    19 |    12 ||    45
         Punch             |     1 |     1 |     2 ||     4
    Use: Potion            |       |     2 |     6 ||     8
   Stab: Sleeping          |     1 |       |       ||     1
 Armour: Animal skin       |    54 |    70 |    91 ||   215
         Skin              |       |    22 |    13 ||    35
  Dodge: Dodged            |    37 |    56 |    48 ||   141

Table legend: (Time is in decaauts)
 A = Elapsed time spent in this place.
 B = Non-inter-level travel time spent in this place.
 C = Inter-level travel time spent in this place.
 D = Time resting spent in this place.
 E = Time spent auto-exploring this place.
 F = Levels seen in this place.
 G = Mean time per level.
                   A        B        C        D        E       F      G
               +--------+--------+--------+--------+--------+-----+--------+
         Total |   4382 |   4298 |     84 |      5 |   3603 |   7 |  626.0 |
       Dungeon |   4358 |   4293 |     65 |      5 |   3603 |   6 |  726.3 |
        Temple |     23 |      4 |     19 |      0 |      0 |   1 |   23.0 |
               +--------+--------+--------+--------+--------+-----+--------+

Top non-repeatable levels by time:
     D:5: 1085 daAuts
     D:2: 882 daAuts
     D:1: 868 daAuts
     D:3: 769 daAuts
     D:4: 745 daAuts
  Temple: 23 daAuts
     D:6: 7 daAuts
